 Dungeon Crawl Stone Soup version 0.28.0 (webtiles) character file.

Game seed: 5589431316458922344

134 growler the Gusty (level 5, -3/28 HPs)
             Began as a Tengu Air Elementalist on Feb 17, 2022.
             Slain by a phantom (4 damage)
             ... on level 4 of the Dungeon.
             The game lasted 00:05:48 (3491 turns).

growler the Gusty (Tengu Air Elementalist)          Turns: 3491, Time: 00:05:48

Health: -3/28      AC:  3    Str:  8    XL:     5   Next: 17%
Magic:  0/10       EV: 14    Int: 18    God:
Gold:   102        SH:  0    Dex: 14    Spells: 0/10 levels left

rFire   . . .      SeeInvis .   (no weapon)
rCold   . . .      Faith    .   (no shield)
rNeg    . . .      Spirit   .   m - +1 robe {Will+}
rPois   .          Reflect  .   (helmet restricted)
rElec   .          Harm     .   (no cloak)
rCorr   .          Rampage  .   (no gloves)
Will    +....                   (boots unavailable)
Stlth   ++........              (no amulet)
HPRegen 0.09/turn               h - ring of wizardry
MPRegen 0.12/turn               (no ring)

@: flying quickly and evasively, quick
A: beak, talons 3, nimble flight
a: no special abilities


You were on level 4 of the Dungeon.
You visited 1 branch of the dungeon, and saw 4 of its levels.

You collected 102 gold pieces.

Inventory:

Armour
 m - a +1 robe of willpower (worn)
   (You found it on level 3 of the Dungeon)
Jewellery
 h - a ring of wizardry (left hand)
   (You found it on level 2 of the Dungeon)
Wands
 f - a wand of polymorph (7)
   (You found it on level 2 of the Dungeon)
 x - a wand of acid (6)
   (You found it on level 3 of the Dungeon)
Scrolls
 c - a scroll of torment {unknown}
 d - a scroll of amnesia {unknown}
 j - a scroll of identify {unknown}
Potions
 a - a potion of mutation {unknown}
 b - a potion of magic {unknown}
 e - a potion of curing {unknown}
 g - 2 potions of haste {unknown}
 i - a potion of berserk rage {unknown}
 k - 2 potions of might {unknown}
 l - a potion of ambrosia {unknown}
 n - a potion of brilliance {unknown}
 o - a potion of degeneration {unknown}


   Skills:
 - Level 2.1 Dodging
 - Level 2.0 Stealth
 + Level 3.2 Spellcasting
 + Level 3.7 Conjurations
 + Level 5.4 Air Magic


You couldn't memorise any spells.
You knew the following spells:

 Your Spells              Type           Power      Damage    Failure   Level
a - Shock                 Conj/Air       76%        1d7       1%          1
b - Airstrike             Air            11%        N/A       7%          4
d - Static Discharge      Conj/Air       19%        N/A       1%          2
s - Swiftness             Air            22%        N/A       2%          3

Your spell library contained the following spells:

 Spells                   Type           Power      Damage    Failure   Level


Dungeon Overview and Level Annotations

Branches:
Dungeon (4/15)
 Temple: D:4-7

Altars:


Innate Abilities, Weirdness & Mutations

You have a beak for a mouth.
You have claws for feet.
Your magical nature lets you fly swiftly and evasively.


Message History

Aim: a ball python (asleep, 100% to hit)
The zap hits the ball python!
You kill the ball python!
Found 3 gold pieces.
There is an open door here.
You now have 99 gold pieces (gained 17).
You now have 102 gold pieces (gained 3).
o - a red potion You see here a ball python corpse.
You reach down and open the door.
There is an open door here.
You reach down and open the door.
There is an open door here.
A quokka comes into view.
Aim: a quokka (asleep, 100% to hit)
The zap hits the quokka!
You kill the quokka!
A hobgoblin comes into view.
Aim: a hobgoblin (71% to hit)
The zap misses the hobgoblin.
Aim: a hobgoblin (71% to hit)
The zap hits the hobgoblin!
You kill the hobgoblin!
A phantom comes into view.
You see here a hobgoblin corpse.
Unknown command.
The phantom is struck by an arc of lightning.
You are struck by an arc of lightning.
The lightning grounds out.
The phantom closely misses you.
The phantom is struck by an arc of lightning.
You are struck by an arc of lightning.
The lightning grounds out.
The phantom hits you.
The phantom is struck by an arc of lightning.
You are struck by an arc of lightning.
The lightning grounds out.
The phantom hits you but does no damage.
The phantom is struck by an arc of lightning.
You are struck by an arc of lightning.
* * * LOW HITPOINT WARNING * * *
The lightning grounds out.
The phantom hits you but does no damage.
The phantom is struck by an arc of lightning!
You are struck by an arc of lightning.
* * * LOW HITPOINT WARNING * * *
The phantom is struck by an arc of lightning.
The lightning grounds out.
The phantom hits you!
* * * LOW HITPOINT WARNING * * *
The phantom blinks!
You blink.
Aim: a phantom (almost destroyed, 60% to hit)
The bolt of acid misses the phantom.
The phantom hits you.
You die...

#....# #....# #....#
###########....#####
#####....#.............#
....#....#.............#
....#....#....†........#
....#....'....§§.......#
...†####'#......@W.....#
............#####'######
............#.........#
............+..>......#
............#..#####'###
.....##+#####..#.......#
.....# #####.......#
###### #...........#
#...........#


You could see a phantom.

Vanquished Creatures
  A scorpion (D:3)
  An adder (D:3)
  A dart slug (D:1)
  6 endoplasms
  5 giant cockroaches
  7 goblins
  7 hobgoblins
  6 jackals
  A quokka (D:4)
  6 ball pythons
  2 bats (D:2)
  9 kobolds
  4 rats
56 creatures vanquished.

Notes
Turn   | Place    | Note
-------+----------+-------------------------------------------
     0 | D:1      | growler the Tengu Air Elementalist began the quest for the
                  | Orb.
     0 | D:1      | Reached XP level 1. HP: 10/10 MP: 4/4
   202 | D:1      | Reached XP level 2. HP: 4/15 MP: 0/6
   205 | D:1      | Learned a level 2 spell: Static Discharge
  1082 | D:1      | Reached XP level 3. HP: 19/19 MP: 5/7
  1086 | D:1      | Learned a level 3 spell: Swiftness
  2060 | D:2      | Identified the +8 chain mail of Lirocuf {+Blink rCorr Str-2
                  | Int-2}
  2615 | D:3      | Noticed a scorpion
  2622 | D:3      | Killed a scorpion
  2623 | D:3      | Reached skill level 5 in Air Magic
  2623 | D:3      | Reached XP level 4. HP: 15/24 MP: 0/9
  2783 | D:3      | Identified the +5 ring mail of Aggeck {rF- Dex+9}
  2860 | D:3      | Gained mutation: Your magical nature lets you fly swiftly
                  | and evasively. [Tengu growth]
  2860 | D:3      | Reached XP level 5. HP: 28/28 MP: 6/10
  2865 | D:3      | Learned a level 4 spell: Airstrike
  3106 | D:3      | Found a faded altar of an unknown god.
  3466 | D:4      | Noticed a phantom
  3490 | D:4      | HP: 1/28 [phantom (8)]
  3491 | D:4      | Slain by a phantom

Illustrated notes

Levels and vault maps discovered:
D:1:      lightli_arrival_statue_moat, layout_loops_ring
D:2:      layout_loops_corners, minmay_quantized
D:3:      layout_rooms, shapermc_ecumenical_altar_mp_urbaneastern
D:4:      layout_gridville

Skill      XL: |  1  2  3 |
---------------+----------+-----
Conjurations   | 2 3 |  3.7
Spellcasting   | 3 |  3.2
Air Magic      | 5 |  5.4
Dodging        | |  2.1
Stealth        | |  2.0

Action                   |  1- 3 |  4- 6 || total
-------------------------+-------+-------++-------
Melee: Unarmed           |     5 |       ||     5
       Peck              |     2 |       ||     2
       Punch             |     1 |       ||     1
       Kick              |     2 |       ||     2
 Cast: Shock             |    73 |    19 ||    92
       Static Discharge  |     8 |     5 ||    13
Evoke: Wand              |       |     1 ||     1
Armor: Robe              |     2 |     2 ||     4
Dodge: Dodged            |    10 |     1 ||    11
